 Dungeon Crawl Stone Soup version 0.18.1-6-gd335043 (webtiles) character file.

7659 Fv001 the Basher (level 11, -5/68 HPs)
             Began as a Gargoyle Fighter on May 16, 2016.
             Was a Priest of Qazlal.
             Slain by a komodo dragon (20 damage)
             ... on level 9 of the Dungeon.
             The game lasted 00:26:56 (7869 turns).

Fv001 the Basher (Gargoyle Fighter)                 Turns: 7869, Time: 00:26:57

Health: -5/68      AC: 27    Str: 20    XL:     11   Next: 18%
Magic:  15/15      EV:  6    Int: 13    God:    Qazlal [***...]
Gold:   435        SH: 18    Dex: 10    Spells: 0 memorised, 10 levels left

rFire  . . .     SeeInvis .     a - +0 flail
rCold  . . .     Gourm    .     d - +0 plate armour
rNeg   + . .     Faith    .     c - +1 shield
rPois  ∞         Spirit   .     n - +0 helmet
rElec  +         Dismiss  .     j - +2 cloak
rCorr  .         Reflect  +     w - +0 pair of gloves
SustAt .         Harm     .     (no boots)
MR     .....                    l - +3 amulet of reflection
Stlth  ..........               E - +2 ring of intelligence
                                t - ring of stealth

@: not resistant to hostile enchantments, extremely unstealthy
A: negative energy resistance 1, electricity resistance, unbreathing,
petrification resistance, rot immunity, AC +7
a: Upheaval, Elemental Force, Renounce Religion


You were on level 9 of the Dungeon.
You worshipped Qazlal.
Qazlal was most pleased with you.
You were hungry.

You visited 2 branches of the dungeon, and saw 10 of its levels.

You collected 435 gold pieces.

Inventory:

Hand Weapons
 a - a +0 flail (weapon)
Armour
 c - a +1 shield (worn)
 d - a +0 plate armour (worn)
 j - a +2 cloak (worn)
 n - a +0 helmet (worn)
 w - a +0 pair of gloves (worn)
Jewellery
 l - a +3 amulet of reflection (around neck)
 t - a ring of stealth (left hand)
 E - a +2 ring of intelligence (right hand)
Wands
 z - a wand of enslavement (8/24)
 G - a wand of flame (18/48)
 I - a wand of lightning (5/15)
Scrolls
 e - 6 scrolls of magic mapping
 g - a scroll of holy word {unknown}
 k - 4 scrolls of teleportation
 o - a scroll of fear {unknown}
 p - a scroll of noise {unknown}
 q - 4 scrolls of blinking
 u - 6 scrolls of remove curse
 v - 2 scrolls of fog {unknown}
 y - a scroll of summoning {unknown}
 D - a scroll of enchant weapon {unknown}
 H - a scroll of amnesia {unknown}
Potions
 h - a potion of cancellation
 i - 3 potions of curing
 m - 6 potions of flight
 r - 3 potions of haste
 x - 3 potions of berserk rage
 B - a potion of magic {unknown}
 F - a potion of invisibility {unknown}
Books
 s - a book of the Dragon

   Spells                             Type                      Level
   a - Flame Tongue                   Conjuration/Fire             1
   b - Cause Fear                     Hexes                        4
   c - Bolt of Fire                   Conjuration/Fire             6
   d - Dragon Form                    Transmutation                7
   e - Dragon's Call                  Summoning                    9
Comestibles
 b - 5 fruits
 f - 5 bread rations
 C - a slice of pizza
 J - a chunk of flesh


   Skills:
 + Level 7.8 Fighting
 * Level 9.5 Maces & Flails
 + Level 7.9 Armour
 + Level 5.0 Dodging
 + Level 7.9 Shields
 * Level 6.5 Invocations


You had 10 spell levels left.
You didn't know any spells.

Dungeon Overview and Level Annotations

Branches:
Dungeon (9/15)             Temple (1/1) D:6
   Lair: D:8-11         Orc: D:9-12

Altars:
Ashenzari
Cheibriados
Dithmenos
Elyvilon
Fedhas
Gozag
Kikubaaqudgha
Makhleb
Nemelex Xobeh
Okawaru
Qazlal
Ru
Sif Muna
Trog
Vehumet
Xom
Yredelemnul
Zin
The Shining One


Innate Abilities, Weirdness & Mutations

You are resistant to torment.
Your stone body is resilient (AC +7).
You are immune to poison.
You resist negative energy.
You are resistant to electric shocks.
You can survive without breathing.
You are immune to petrification.
You are immune to rotting.


Message History

You sock the komodo dragon!
The komodo dragon is severely wounded.
You block the komodo dragon's attack.
You hit the komodo dragon but do no damage.
The komodo dragon is severely wounded.
The komodo dragon bites you but does no damage.
You closely miss the komodo dragon.
The komodo dragon is severely wounded.
The komodo dragon bites you!!
* * * LOW HITPOINT WARNING * * *
Drink which item? (? for menu, Esc to quit)
You feel much better. You block the komodo dragon's attack.
Your plate armour prevents you from hitting the komodo dragon.
The komodo dragon is severely wounded.
The komodo dragon bites you!
* * * LOW HITPOINT WARNING * * *
You thump the komodo dragon!
The komodo dragon is severely wounded.
The komodo dragon bites you!!
You die...

# #.......# #
#.####..####.# ## #.#
#.......# .#
.##.####..###### .#
..........# .# .
###.###.######## .# ...
#.# #......... .#
.....#######.###.#######.
.# #.....†YYl@......#
.#######.....†###.....##
.....≈≈≈≈≈#...# #####.#
.....≈### #...# #.#
..§..≈# ≈....# #.#
..###≈#+#≈....# #.#
.....≈≈.≈§#(..# #.#
..###.#.#.#...# #.# ..#
#.#


You could see a komodo dragon and 2 yaks.

Vanquished Creatures
  The ghost of vuolankoinen the Cruncher, a novice HuWn of Ashenzari (D:9)
  The ghost of P0WERM0DE the Martial Artist, a novice OpSk of Cheibriados (D:8)
  Pikel (D:6)
  Joseph (D:7)
  Maurice (D:8)
  The ghost of Enish the Spear-Bearer, a novice MfSk of Gozag (D:4)
  A wyvern (D:8)
  4 yaks (D:9)
  Eustachio (D:5)
  Grum (D:8)
  The ghost of subsebi the Chopper, an amateur DsCK of Xom (D:3)
  2 hippogriffs (D:8)
  A hungry ghost (D:7)
  A water moccasin (D:8)
  3 ice beasts
  A phantom (D:7)
  2 orc warriors (D:6)
  2 sky beasts (D:5)
  3 ogres
  A necrophage (D:5)
  2 centaurs (D:7)
  3 wolves (D:8)
  A big kobold (D:7)
  A crocodile (D:7)
  5 giant frogs
  3 scorpions
  5 wights (D:9)
  2 howler monkeys (D:9)
  4 crimson imps
  A centaur zombie (D:7)
  2 giant frog zombies
  7 hounds
  A jelly (D:5)
  5 orc wizards
  5 orc priests
  3 iguanas
  A centaur skeleton (D:5)
  4 worker ants
  A killer bee zombie (D:9)
  A hound zombie (D:9)
  A hound skeleton (D:9)
  5 gnolls
  10 adders
  2 oozes
  2 adder skeletons (D:7)
  A worm (D:3)
  2 giant geckos
  39 orcs
  3 giant cockroaches
  10 goblins
  4 hobgoblins
  5 jackals
  11 kobolds
  2 quokkas
  A ball python (D:4)
  5 bats
  9 giant newts
  A jackal skeleton (D:4)
  A quokka skeleton (D:8)
  A quokka zombie (D:5)
  4 rats
206 creatures vanquished.

Vanquished Creatures (others)
  An adder (D:6)
  A shadow imp (D:6)
  34 plants (D:9)
36 creatures vanquished.

Grand Total: 242 creatures vanquished

Notes
Turn   | Place    | Note
--------------------------------------------------------------
     0 | D:1      | Fv001 the Gargoyle Fighter began the quest for the Orb.
     0 | D:1      | Reached XP level 1. HP: 14/14 MP: 1/1
    86 | D:1      | Reached XP level 2. HP: 14/19 MP: 2/2
   531 | D:2      | Reached XP level 3. HP: 16/23 MP: 3/3
   974 | D:2      | Found a snail-covered altar of Cheibriados.
   974 | D:2      | Found an opulent altar of Gozag.
   975 | D:2      | Found a blossoming altar of Fedhas.
   975 | D:2      | Found a basalt altar of Yredelemnul.
  1376 | D:3      | HP: 1/23 [gnoll/halberd (4)]
  1383 | D:3      | Reached XP level 4. HP: 11/28 MP: 4/4
  1470 | D:3      | Reached skill level 3 in Maces & Flails
  1607 | D:3      | Noticed subsebi's ghost (amateur DsCK)
  1632 | D:3      | Killed subsebi's ghost
  1632 | D:3      | Reached skill level 1 in Dodging
  1632 | D:3      | Reached XP level 5. HP: 33/33 MP: 5/5
  2026 | D:4      | Noticed Enish's ghost (novice MfSk)
  2210 | D:4      | Reached XP level 6. HP: 38/38 MP: 6/6
  2599 | D:4      | Reached skill level 4 in Maces & Flails
  2816 | D:4      | Killed Enish's ghost
  2816 | D:4      | Reached skill level 5 in Maces & Flails
  2816 | D:4      | Reached skill level 5 in Armour
  2816 | D:4      | Reached skill level 5 in Shields
  2816 | D:4      | Reached XP level 7. HP: 34/44 MP: 7/7
  2923 | D:5      | Entered Level 5 of the Dungeon
  2935 | D:5      | Reached skill level 5 in Fighting
  2994 | D:5      | Reached XP level 8. HP: 38/49 MP: 8/8
  3494 | D:5      | Reached skill level 6 in Maces & Flails
  4032 | D:6      | Noticed Eustachio
  4053 | D:5      | Killed Eustachio
  4138 | D:6      | Noticed Pikel
  4189 | D:6      | Killed Pikel
  4189 | D:6      | Reached skill level 7 in Maces & Flails
  4189 | D:6      | Reached XP level 9. HP: 51/55 MP: 9/9
  4229 | D:6      | Found a staircase to the Ecumenical Temple.
  4257 | Temple   | Entered the Ecumenical Temple
  4281 | Temple   | Became a worshipper of Qazlal Stormbringer
  4576 | D:6      | Found a shimmering altar of Xom.
  4864 | D:6      | Found an ancient bone altar of Kikubaaqudgha.
  5202 | D:7      | Reached skill level 1 in Invocations
  5369 | D:7      | Reached * piety under Qazlal
  5635 | D:7      | Noticed Joseph
  5694 | D:7      | Killed Joseph
  5694 | D:7      | Reached skill level 8 in Maces & Flails
  5694 | D:7      | Reached XP level 10. HP: 48/61 MP: 10/12
  6647 | D:8      | Noticed P0WERM0DE's ghost (novice OpSk)
  6676 | D:8      | Killed P0WERM0DE's ghost
  6689 | D:8      | Found a glowing golden altar of the Shining One.
  6750 | D:8      | Reached ** piety under Qazlal
  6769 | D:8      | Noticed Grum
  6843 | D:8      | Killed Grum
  6889 | D:8      | Reached skill level 5 in Invocations
  6911 | D:8      | Noticed Maurice
  6925 | D:8      | Killed Maurice
  6967 | D:8      | Reached skill level 9 in Maces & Flails
  7342 | D:9      | Noticed vuolankoinen's ghost (novice HuWn)
  7358 | D:9      | Killed vuolankoinen's ghost
  7358 | D:9      | Reached XP level 11. HP: 68/68 MP: 15/15
  7819 | D:9      | Reached skill level 5 in Dodging
  7841 | D:9      | Reached *** piety under Qazlal
  7866 | D:9      | HP: 3/68 [komodo dragon (18)]
  7869 | D:9      | Slain by a komodo dragon

Skill      XL: |  1  2  3  4  5  6  7  8  9 10 11 |
---------------+----------------------------------+-----
Shields        | 4 5 6 7 |  7.9
Maces & Flails | 3 5 7 8 9 |  9.5
Fighting       | 4 5 6 7 |  7.8
Armour         | 4 5 6 7 |  7.9
Dodging        | 1 2 3 4 5 |  5.0
Invocations    | 3 6 |  6.5

Action                   |  1- 3 |  4- 6 |  7- 9 | 10-12 || total
-------------------------+-------+-------+-------+-------++-------
Melee: Flail             |   162 |   188 |   569 |   490 ||  1409
Invok: Upheaval          |       |       |       |     1 ||     1
  Use: Potion            |     3 |     2 |     5 |     1 ||    11
       Scroll            |       |     6 |     4 |     1 ||    11
  Eat: Chunk             |     2 |     5 |    10 |     7 ||    24
       Meat ration       |       |       |       |     1 ||     1
Armor: Scale mail        |    92 |    80 |   119 |       ||   291
       Plate armour      |       |       |   169 |   249 ||   418
Dodge: Dodged            |    57 |    35 |   112 |    78 ||   282
Block: Shield            |   110 |   112 |   390 |   455 ||  1067
       Reflection        |       |     1 |     7 |     3 ||    11
